Map: Abyssal Reef LE

Players

Railgan

  • Race: Zerg Zerg
  • League: Grandmaster
  • Spawn Location: 11:00

lIlIIlIlIIll - Winner!

  • Race: Zerg Zerg
  • League: Master
  • Spawn Location: 5:00

VOD

Have the link to the VOD?

Description

Time

  • Played on: March 23, 2017, 6:16 p.m.
  • Length: 13:58
Show
View Real Time Build Order
Export as new Build Order

Railgan Zerg 

Build Orders: Pool First 

Get SALT Encoding   

  12  0:02  Drone  
  13  0:12  Overlord  
  13  0:17  Drone  
  14  0:30  Drone x2  
  14  0:35  Drone  
  17  0:49  Drone, Spawning Pool  
  17  0:56  Drone  
  18  1:12  Hatchery  
  18  1:15  Extractor  
  16  1:19  Drone  
  16  1:20  Drone  
  18  1:28  Drone  
  19  1:36  Queen  
  19  1:39  Overlord  
  21  1:51  Zergling x2  
  22  2:00  Drone  
  23  2:11  Drone  
  23  2:12  Queen  
  26  2:16  Metabolic Boost  
  26  2:25  Drone x2  
  26  2:26  Queen  
  30  2:33  Spine Crawler  
  29  2:41  Drone x2  
  31  2:45  Baneling Nest  
  31  2:47  Zergling x2  
  31  2:52  Overlord  
  31  2:54  Zergling x2  
  32  2:59  Overlord  
  32  3:05  Zergling x4  
  34  3:12  Zergling x2  
  34  3:17  Zergling x2  
  34  3:18  Zergling x2  
  36  3:21  Overlord  
  36  3:22  Zergling x2  
  36  3:23  Zergling x2  
  38  3:33  Zergling x4  
  37  3:35  Baneling x2  
  37  3:37  Baneling x2  
  32  3:43  Zergling x2  
  31  3:52  Zergling x2  
  26  3:57  Zergling x4  
  26  4:00  Zergling x4  
  28  4:09  Baneling x2  
  26  4:10  Drone x3  
  26  4:14  Drone  
  26  4:15  Drone  
  31  4:22  Drone x2  
  33  4:32  Drone x3  
  35  4:47  Hatchery  
  35  4:49  Drone  
  35  5:01  Drone x5  
  35  5:06  Queen  
  41  5:14  Zergling x2  
  41  5:16  Zergling x4  
  44  5:25  Roach Warren  
  44  5:26  Lair  
  43  5:28  Baneling  
  43  5:29  Baneling  
  43  5:30  Drone  
  43  5:35  Drone  
  45  5:37  Evolution Chamber, Drone  
  45  5:42  Drone  
  46  5:43  Drone x2  
  46  5:44  Drone  
  46  5:47  Drone  
  50  5:51  Overlord  
  50  5:53  Drone  
  50  5:54  Extractor  
  50  5:56  Extractor  
  50  5:57  Drone  
  50  6:02  Queen  
  52  6:05  Drone  
  52  6:06  Drone  
  54  6:21  Drone x2  
  54  6:23  Zerg Missile Weapons Level 1  
  54  6:26  Drone x2  
  54  6:33  Drone x2  
  54  6:35  Roach x4  
  54  6:36  Roach  
  54  6:39  Glial Reconstitution  
  66  6:41  Roach  
  66  6:44  Drone  
  66  6:46  Drone  
  70  6:47  Drone  
  70  6:49  Drone x2  
  70  6:51  Drone  
  73  7:00  Roach  
  72  7:06  Roach x2  
  73  7:08  Overlord  
  73  7:10  Overlord  
  73  7:12  Overlord  
  73  7:16  Overlord  
  73  7:19  Overlord  
  73  7:25  Infestation Pit  
  73  7:26  Overlord, Queen  
  73  7:29  Drone x5  
  79  7:36  Spore Crawler  
  78  7:37  Spore Crawler  
  78  7:39  Spore Crawler  
  78  7:40  Drone x3  
  79  7:47  Queen  
  79  7:48  Queen  
  79  7:50  Drone  
  79  7:51  Drone  
  85  7:53  Drone  
  85  7:54  Drone  
  87  8:02  Drone x5  
  87  8:03  Spore Crawler  
  91  8:06  Queen  
  91  8:10  Extractor  
  91  8:11  Pathogen Glands  
  92  8:17  Evolution Chamber, Overlord  
  91  8:24  Queen  
  91  8:25  Queen  
  95  8:30  Overlord  
  95  8:34  Overlord  
  95  8:35  Drone  
  95  8:36  Drone x2  
  95  8:38  Extractor x2  
  95  8:40  Roach  
  96  8:52  Queen  
  96  8:55  Zerg Missile Weapons Level 2  
  98  8:56  Zerg Ground Armor Level 1  
  98  9:00  Burrow  
  98  9:05  Infestor x3  
  98  9:08  Drone x2  
  98  9:09  Drone, Spore Crawler  
  106  9:10  Hatchery  
  106  9:14  Zergling x4  
  107  9:19  Zergling x4  
  107  9:20  Infestor  
  113  9:30  Drone  
  111  9:37  Overlord x2, Roach  
  113  9:39  Overlord x2  
  113  9:40  Tunneling Claws  
  113  9:43  Overlord, Unknown  
  113  9:52  Overlord  
  113  9:53  Overlord  
  113  9:56  Hydralisk Den, Overlord  
  113  9:58  Roach x4  
  120  10:03  Ravager x3  
  120  10:04  Ravager x3  
  120  10:06  Roach  
  128  10:12  Baneling  
  128  10:13  Baneling x3  
  128  10:15  Zergling x14  
  133  10:30  Roach  
  133  10:31  Roach x7  
  133  10:34  Drone x3  
  152  10:43  Roach x4  
  152  10:44  Overlord  
  152  10:49  Spore Crawler  
  159  10:52  Overlord  
  159  10:54  Muscular Augments  
  159  10:55  Hydralisk  
  161  11:13  Drone x2  
  161  11:14  Roach x3  
  161  11:17  Roach x2  
  161  11:18  Roach x3  
  166  11:20  Hydralisk x5  
  166  11:21  Overlord  
  166  11:22  Roach x2  
  174  11:27  Hive  
  174  11:43  Roach x5  
  174  11:46  Roach x5  
  188  12:05  Roach  
  188  12:06  Roach x7  
  196  12:15  Roach  
  196  12:16  Roach  
  196  12:22  Roach x4  
  199  12:24  Overlord  
  199  12:26  Roach x8  
  196  12:38  Roach x3  
  196  12:42  Roach x9  
  183  12:55  Roach x3  
  163  13:03  Roach x3  
  145  13:15  Roach  
  145  13:16  Roach x2  
  85  13:27  Roach  
  85  13:29  Roach x2  
  77  13:34  Roach x2  
Show
View Real Time Build Order
Export as new Build Order

lIlIIlIlIIll Zerg - Winner!

Build Orders: Hatch First, Muta Ling Bane 

Get SALT Encoding   

  12  0:00  Drone  
  13  0:11  Overlord  
  13  0:17  Drone  
  14  0:30  Drone x2  
  14  0:34  Drone  
  17  0:44  Drone  
  18  0:58  Drone, Hatchery  
  18  1:02  Extractor  
  17  1:13  Spawning Pool  
  17  1:16  Drone  
  17  1:19  Drone  
  18  1:27  Drone  
  19  1:37  Overlord  
  19  2:00  Queen  
  21  2:01  Metabolic Boost  
  21  2:07  Zergling x2  
  21  2:08  Zergling x2  
  23  2:09  Queen  
  23  2:11  Zergling x2  
  23  2:13  Zergling x2  
  27  2:22  Overlord  
  27  2:24  Zergling x2  
  28  2:31  Zergling x2  
  28  2:32  Zergling x2  
  28  2:36  Queen  
  32  2:45  Zergling x4  
  34  2:54  Zergling x4  
  36  3:11  Zergling x10  
  40  3:18  Zergling x8  
  44  3:20  Overlord  
  44  3:30  Drone  
  42  3:35  Drone  
  42  3:39  Drone x2  
  41  3:49  Drone x4  
  41  3:55  Drone  
  39  4:02  Overlord  
  37  4:05  Queen x2  
  37  4:14  Extractor, Zergling x2  
  37  4:15  Zergling x6  
  40  4:20  Spine Crawler  
  39  4:28  Drone x3  
  42  4:32  Drone x2  
  42  4:37  Zergling x2  
  45  4:41  Zergling x4  
  47  4:53  Lair  
  47  4:54  Drone x2  
  48  5:02  Drone x2  
  50  5:07  Drone x2  
  50  5:13  Drone  
  50  5:14  Extractor x2, Drone x3  
  53  5:19  Drone  
  53  5:20  Drone  
  55  5:28  Overlord  
  54  5:39  Overlord  
  54  5:40  Drone x3  
  57  5:43  Drone  
  57  5:48  Evolution Chamber, Drone  
  58  5:50  Drone  
  58  5:53  Spire  
  58  6:04  Hatchery, Zergling x2  
  57  6:05  Zergling x2  
  59  6:14  Zerg Ground Armor Level 1, Zergling x4  
  61  6:19  Zergling x6  
  61  6:23  Overlord  
  61  6:24  Drone  
  65  6:27  Zergling x2  
  65  6:36  Drone x2  
  67  6:44  Overlord x2  
  67  6:49  Drone  
  67  6:54  Drone x2  
  66  7:05  Drone x2  
  66  7:07  Drone x3  
  70  7:10  Zerg Flyer Weapons Level 1  
  69  7:16  Drone x2  
  69  7:17  Drone x2, Evolution Chamber  
  69  7:19  Drone  
  73  7:24  Hatchery  
  73  7:25  Drone x4  
  73  7:26  Baneling Nest  
  73  7:27  Drone x2  
  77  7:31  Mutalisk  
  77  7:36  Zergling x2  
  80  7:40  Mutalisk x3  
  80  7:42  Extractor  
  85  7:45  Zerg Melee Weapons Level 1, Mutalisk  
  87  7:51  Mutalisk x2  
  87  7:53  Drone x2  
  87  7:55  Extractor  
  92  8:01  Overlord  
  92  8:02  Drone  
  92  8:04  Infestation Pit, Drone x3  
  95  8:08  Mutalisk  
  97  8:15  Drone  
  97  8:16  Drone x2, Mutalisk x2  
  97  8:18  Drone  
  97  8:19  Drone  
  106  8:21  Drone x2  
  106  8:22  Drone  
  109  8:28  Zerg Ground Armor Level 2  
  109  8:31  Overlord  
  109  8:34  Drone x3  
  109  8:38  Drone x3  
  113  8:48  Overlord  
  113  8:51  Hive  
  113  8:52  Overlord  
  113  8:54  Drone  
  114  8:56  Extractor x2, Zergling x10  
  114  8:59  Overseer  
  114  9:02  Zergling x6  
  120  9:03  Zergling x4  
  120  9:05  Centrifical Hooks  
  120  9:08  Zergling x4  
  124  9:22  Drone x2  
  124  9:23  Overlord  
  126  9:24  Overlord  
  126  9:29  Overlord  
  124  9:32  Overlord  
  124  9:34  Overlord  
  124  9:40  Overlord  
  124  9:45  Zerg Melee Weapons Level 2  
  124  9:48  Drone x3  
  127  10:00  Hatchery  
  127  10:01  Zergling x6  
  127  10:03  Drone x5  
  127  10:04  Drone  
  127  10:05  Adrenal Glands  
  135  10:09  Ultralisk Cavern, Zergling x2  
  135  10:10  Zergling x4  
  135  10:14  Hatchery  
  136  10:43  Overlord  
  136  10:44  Overlord  
  136  10:47  Zerg Ground Armor Level 3  
  136  10:55  Chitinous Plating  
  154  10:57  Ultralisk x6  
  154  11:00  Ultralisk  
  178  11:04  Ultralisk  
  180  11:18  Overseer x3  
  180  11:19  Overseer, Spore Crawler  
  180  11:24  Ultralisk x2  
  191  11:26  Pneumatized Carapace  
  191  11:32  Ultralisk  
  197  11:36  Drone  
  194  11:49  Ultralisk  
  194  11:51  Zergling x6  
  198  11:57  Overlord  
  193  12:07  Zergling x24  
  193  12:08  Zergling x24  
  198  12:12  Baneling  
  192  12:17  Zergling x2  
  192  12:18  Zergling x16  
  193  12:27  Zergling x6  
  195  12:32  Zergling x8  
  195  12:36  Zergling x14  
  195  12:37  Zergling x4  
  199  12:39  Zergling x4  
  196  12:45  Zergling x8  
  191  12:53  Zergling x8  
  191  12:54  Zergling x2  
  180  12:58  Zergling x4  
  180  12:59  Zergling x6  
  183  13:07  Zergling x8  
  183  13:08  Zergling x6  
  183  13:10  Zergling x4  
  172  13:18  Zergling x4  
  172  13:19  Zergling x12  
  165  13:22  Zergling x4  
  165  13:24  Zergling x4  
  160  13:32  Zergling x4  
  160  13:33  Zergling x6  
  161  13:36  Zergling x2  
Tags
 
Add a new tag
Caveats
  • Supply blocks, unpowered buildings, or Contaminate may cause inaccurate times.
  • Supply counts are checked every 10 seconds.